 Dungeon Crawl Stone Soup version 0.26-a0-667-g92642533e4 (webtiles) character file.

Game seed: 227408791983543423

333 somkeydreadnuts the Shield-Bearer (level 6, 0/48 HPs)
             Began as a Formicid Fighter on Oct 17, 2020.
             Slain by a gnoll
             ... wielding a +0 spear
              (7 damage)
             ... on level 3 of the Dungeon.
             The game lasted 00:06:07 (2658 turns).

somkeydreadnuts the Shield-Bearer (FoFi)            Turns: 2658, Time: 00:06:08

Health: 0/48       AC:  7    Str: 22    XL:     6   Next: 82%
Magic:  6/6        EV:  8    Int:  8    God:
Gold:   163        SH: 10    Dex: 10    Spells: 5/5 levels left

rFire    . . .     SeeInvis +   a - +0 war axe
rCold    . . .     Faith    .   c - +0 kite shield
rNeg     . . .     Spirit   .   b - +0 scale mail
rPois    .         Reflect  .   (helmet unavailable)
rElec    .         Harm     .   (no cloak)
rCorr    .         Rampage  .   (no gloves)
MR       .....                  (no boots)
Stlth    ..........             (no amulet)
HPRegen  0.16/turn              (no ring)
MPRegen  0.10/turn              (no ring)

@: no status effects
A: permanent stasis, dig shafts and tunnels, four strong arms, antennae 3
a: Dig, Shaft Self


You were on level 3 of the Dungeon.
You visited 1 branch of the dungeon, and saw 3 of its levels.

You collected 163 gold pieces.

Inventory:

Hand Weapons
 a - a +0 war axe (weapon)
Armour
 b - a +0 scale mail (worn)
 c - a +0 kite shield (worn)
 m - a cursed -1 leather armour
Wands
 s - a wand of digging (4)
Scrolls
 h - 3 scrolls of identify
 k - 2 scrolls of teleportation
 u - a scroll of amnesia {unknown}
Potions
 d - a potion of might
 g - a potion of haste {unknown}
 j - a potion of cancellation {unknown}
 n - 2 potions of curing {unknown}
 p - a potion of resistance {unknown}
 q - a potion of invisibility {unknown}
 r - a potion of degeneration {unknown}
 t - a potion of flight {unknown}


   Skills:
 - Level 4.0 Fighting
 - Level 3.4 Axes
 + Level 5.2 Armour
 * Level 5.9 Shields


You had 5 spell levels left.
You didn't know any spells.
Your spell library was empty.

Dungeon Overview and Level Annotations

Branches:
Dungeon (3/15)

Altars:
Cheibriados
Fedhas
Uskayaw
Wu Jian
Zin
The Shining One


Innate Abilities, Weirdness & Mutations

You cannot be hasted, slowed, berserked, paralysed or teleported.
You can dig through walls and to a lower floor.
Your four strong arms can wield two-handed weapons with a shield.
You have a pair of large antennae on your head. (SInv)


Message History

You closely miss the gnoll.
The gnoll is almost dead.
The gnoll hits you with a +0 halberd!
* * * LOW HITPOINT WARNING * * *
You slash the gnoll!
You kill the gnoll!
The gnoll closely misses you.
The gnoll hits you from afar with a +0 spear.
* * * LOW HITPOINT WARNING * * *
You block the gnoll's attack.
You hit the gnoll.
The gnoll is lightly wounded.
The gnoll barely misses you. You block the gnoll's attack. The gnoll hits you.
* * * LOW HITPOINT WARNING * * *
You closely miss the gnoll.
The gnoll is lightly wounded.
The gnoll hits you.
* * * LOW HITPOINT WARNING * * *
The gnoll hits you from afar with a +0 spear!
You die...

#.)..............#######{
#............)...#
#.=........÷.....#
#...####...#######
#.)÷÷..##'## #......#...#
#......#♣8♣# .
###....#####....
#.......@ggg....
#...######oo.... #...#
..... #...# .... #...#
... #...# .. #...# .
#...# #...#


You could see an orc wizard (invisible), 3 gnolls and an orc.

Vanquished Creatures
  The ghost of Zenkrye the Skirmisher, an amateur FoAK of Lugonu (D:3)
  An ogre (D:2)
  A gnoll shaman (D:3)
  2 gnolls (D:3)
  3 adders
  2 worms (D:2)
  An orc (D:3)
  5 bats
  2 giant cockroaches
  5 goblins
  8 hobgoblins
  A frilled lizard (D:3)
  2 kobolds (D:2)
  A leopard gecko zombie (D:3)
  4 rats
39 creatures vanquished.

Notes
Turn   | Place    | Note
-------+----------+-------------------------------------------
     0 | D:1      | somkeydreadnuts the Formicid Fighter began the quest for
                  | the Orb.
     0 | D:1      | Reached XP level 1. HP: 18/18 MP: 1/1
   493 | D:1      | Reached XP level 2. HP: 22/24 MP: 2/2
   848 | D:2      | Noticed an ogre
   858 | D:2      | Killed an ogre
   858 | D:2      | Reached XP level 3. HP: 15/30 MP: 3/3
   858 | D:2      | Reached XP level 4. HP: 18/37 MP: 4/4
   858 | D:2      | Reached XP level 5. HP: 21/42 MP: 5/5
  1286 | D:2      | Found a blossoming altar of Fedhas.
  1288 | D:2      | Found a snail-covered altar of Cheibriados.
  1291 | D:2      | Found a glowing silver altar of Zin.
  1296 | D:2      | Found a hide-covered altar of Uskayaw.
  1296 | D:2      | Found an ornate altar of the Wu Jian Council.
  1304 | D:2      | Found a glowing golden altar of the Shining One.
  1547 | D:2      | You fall into a shaft and drop 1 floor!
  2349 | D:3      | Found a runed translucent door.
  2353 | D:3      | Noticed Zenkrye's ghost (amateur FoAK)
  2437 | D:3      | Killed Zenkrye's ghost
  2437 | D:3      | Reached skill level 5 in Armour
  2437 | D:3      | Reached skill level 5 in Shields
  2437 | D:3      | Reached XP level 6. HP: 20/48 MP: 6/6
  2658 | D:3      | Slain by a gnoll

Illustrated notes

Levels and vault maps discovered:
D:1:      giann_bridges, layout_loops_ring
D:2:      layout_basic, grunt_temple_overflow_open
D:3:      layout_basic, gammafunk_ghost_grave, uniq_robin

Skill      XL: |  1  2  3  4  5 |
---------------+----------------+-----
Fighting       | 4 |  4.0
Axes           | 3 |  3.4
Armour         | 4 5 |  5.2
Shields        | 4 5 |  5.9

Action                   |  1- 3 |  4- 6 || total
-------------------------+-------+-------++-------
Melee: War axe           |    41 |   133 ||   174
  Use: Scroll            |       |     4 ||     4
       Potion            |       |     1 ||     1
Armor: Scale mail        |    11 |    58 ||    69
Dodge: Dodged            |     9 |    50 ||    59
Block: Kite shield       |    17 |    73 ||    90

Table legend: (Time is in decaauts)
 A = Elapsed time spent in this place.
 B = Non-inter-level travel time spent in this place.
 C = Inter-level travel time spent in this place.
 D = Time resting spent in this place.
 E = Time spent auto-exploring this place.
 F = Levels seen in this place.
 G = Mean time per level.
                   A        B        C        D        E       F      G
               +--------+--------+--------+--------+--------+-----+--------+
         Total |   2726 |   2701 |     25 |      0 |   2029 |   3 |  908.7 |
       Dungeon |   2726 |   2701 |     25 |      0 |   2029 |   3 |  908.7 |
               +--------+--------+--------+--------+--------+-----+--------+

Top non-repeatable levels by time:
     D:2: 1443 daAuts
     D:1: 700 daAuts
     D:3: 582 daAuts
